 Dungeon Crawl Stone Soup version 0.20.1-1-g8b1a95d (webtiles) character file.

114 homeworkjunkie the Chopper (level 4, -8/40 HPs)
             Began as a Hill Orc Fighter on Nov 8, 2017.
             Mangled by an ogre
             ... wielding a +0 giant club
              (14 damage)
             ... on level 4 of the Dungeon.
             The game lasted 00:03:15 (1370 turns).

homeworkjunkie the Chopper (Hill Orc Fighter)       Turns: 1370, Time: 00:03:16

Health: -8/40      AC:  7    Str: 19    XL:     4   Next: 98%
Magic:  0/4        EV:  7    Int:  8    God:
Gold:   82         SH: 10    Dex: 10    Spells: 3/3 levels left

rFire    . . .     SeeInvis .   a - +1 war axe
rCold    . . .     Gourm    .   c - +1 shield
rNeg     + . .     Faith    .   b - +0 scale mail
rPois    .         Spirit   +   (no helmet)
rElec    .         Reflect  .   (no cloak)
rCorr    .         Harm     .   (no gloves)
MR       .....                  (no boots)
Stlth    ..........             m - amulet of guardian spirit
Regen    0.2/turn               (no ring)
MPRegen  0.1/turn               p - ring of positive energy

@: lethally poisoned (-8 -> -9)
A: no striking features
a: no special abilities


You were on level 4 of the Dungeon.
You were not hungry.

You visited 1 branch of the dungeon, and saw 5 of its levels.

You collected 82 gold pieces.

Inventory:

Hand Weapons
 a - a +1 war axe (weapon)
Armour
 b - a +0 scale mail (worn)
 c - a +1 shield (worn)
Jewellery
 m - an amulet of guardian spirit (around neck)
 p - a ring of positive energy (right hand)
Scrolls
 e - a scroll of magic mapping
Potions
 d - a potion of might
 g - a potion of lignification
 i - a potion of curing
 o - a potion of agility
 q - a potion of mutation
Comestibles
 f - 3 bread rations
 n - a meat ration
 r - a royal jelly


   Skills:
 * Level 4.2 Fighting
 * Level 4.4 Axes
 * Level 4.1 Armour
 + Level 0.4 Dodging
 * Level 4.0 Shields


You had 3 spell levels left.
You didn't know any spells.

Dungeon Overview and Level Annotations

Branches:
Dungeon (5/15)
 Temple: D:4-7

Altars:
Ashenzari
Dithmenos
Uskayaw
Xom


Message History

You are too injured to fight recklessly!
You are too injured to fight recklessly!
You are too injured to fight recklessly!
You are too injured to fight recklessly!
You are too injured to fight recklessly!
You are too injured to fight recklessly!
You are too injured to fight recklessly!
You are too injured to fight recklessly!
You are too injured to fight recklessly!
You are too injured to fight recklessly!
You are too injured to fight recklessly!
You are too injured to fight recklessly!
You are too injured to fight recklessly!
You barely miss the ogre. You block the ogre's attack.
You barely miss the ogre.
You feel sick. The ogre hits you with a giant club!
* * * LOW HITPOINT WARNING * * *
You slash the ogre!
The ogre is moderately wounded.
The ogre hits you with a giant club!
You die...

#.# #.# #.#
#.# #.#
.######.#
.....#O#
..#.#.#@#
#.......####.#
.....#.......#
≈... ##.######
≈.. #......#
≈. #......# ≈
#..>...#
#......#
#......#


You could see an ogre.

Vanquished Creatures
  An orc priest (D:3)
  3 adders
  2 worms (D:3)
  2 dart slugs
  A leopard gecko (D:1)
  4 orcs (D:3)
  A ball python (D:3)
  A giant cockroach (D:4)
  6 goblins (D:1)
  4 hobgoblins
  8 kobolds
  5 bats
  2 frilled lizards
  3 rats
43 creatures vanquished.

Notes
Turn   | Place    | Note
-------+----------+-------------------------------------------
     0 | D:1      | homeworkjunkie the Hill Orc Fighter began the quest for the Orb.
     0 | D:1      | Reached XP level 1. HP: 19/19 MP: 1/1
    67 | D:1      | Reached XP level 2. HP: 20/27 MP: 2/2
   325 | D:1      | Reached XP level 3. HP: 33/33 MP: 3/3
   612 | D:2      | Found a shattered altar of Ashenzari.
  1054 | D:3      | Found a shimmering altar of Xom.
  1060 | D:3      | Found a shadowy altar of Dithmenos.
  1073 | D:5      | Entered Level 5 of the Dungeon
  1130 | D:3      | Found a hide-covered altar of Uskayaw.
  1174 | D:3      | Reached XP level 4. HP: 35/40 MP: 4/4
  1364 | D:4      | Noticed an ogre
  1370 | D:4      | Mangled by an ogre

Skill      XL: |  1  2  3  4 |
---------------+-------------+-----
Fighting       | 4 |  4.2
Axes           | 3 4 |  4.4
Armour         | 4 |  4.1
Shields        | 4 |  4.0
Dodging        | |  0.4

Action                   |  1- 3 |  4- 6 || total
-------------------------+-------+-------++-------
Melee: War axe           |   116 |    29 ||   145
  Use: Scroll            |     3 |     8 ||    11
  Eat: Bread ration      |     1 |       ||     1
Armor: Scale mail        |    63 |    12 ||    75
Dodge: Dodged            |    40 |    12 ||    52
Block: Shield            |    61 |    12 ||    73
